[Event "Hungarian Super League 2024-25"]
[Site "Hungary"]
[Date "2024.11.02"]
[Round "1.27"]
[White "Borhy, Marcell"]
[Black "Tubak, Daniel"]
[Result "1/2-1/2"]
[ECO "E06"]
[WhiteElo "2356"]
[BlackElo "2240"]
[Annotator "RC"]
[PlyCount "219"]
[EventDate "2024.10.30"]
[EventType "team-tourn"]
[EventCountry "HUN"]
[SourceTitle "playchess.com"]
[Source "ChessBase"]
[SourceQuality "1"]
[TimeControl "40/5400+30:1800+30"]

1. d4 Nf6 2. c4 e6 3. g3 d5 4. Bg2 Be7 5. Nf3 O-O 6. O-O dxc4 7. Qc2 b6 8. Ne5 Qxd4 9. Bxa8 Qxe5 10. Bf3 Nd5 11. Qxc4 Ba6 12. Qa4 Bf6 13. Re1 c5 14. Na3 Qc7 15. Rb1 Bb7 16. Nc2 Nc6 17. Bf4 Ne5 18. Bxe5 Bxe5 19. Kg2 a6 20. Ne3 b5 21. Nxd5 exd5 22. Qc2 d4 23. b3 Bxf3+ 24. exf3 g6 25. a4 c4 26. axb5 axb5 27. bxc4 bxc4 28. Qe4 Bf6 29. Rb7 Qc8 30. Rb6 Qd8 31. Rc6 c3 32. Qd3 Kg7 33. Re4 Re8 34. Rxe8 Qxe8 35. Qc4 d3 36. Rxf6 Kxf6 37. Qxc3+ Qe5 38. Qxd3 Kg7 39. Qe4 Qf6 40. f4 Qb6 41. h4 h5 42. f5 Qf6 43. fxg6 fxg6 44. Qb7+ Kg8 45. Qf3 Qd6 46. Qe4 Kg7 47. Kf3 Qd1+ 48. Kf4 Qd2+ 49. Qe3 Qb4+ 50. Kf3 Qb7+ 51. Qe4 Qb3+ 52. Kf4 Qf7+ 53. Ke3 Qb3+ 54. Ke2 Qb2+ 55. Kf1 Qa1+ 56. Kg2 Qf6 57. Qe2 Qc6+ 58. f3 Qd6 59. Kh3 Qd7+ 60. g4 hxg4+ 61. fxg4 Qc7 62. Qb2+ Kg8 63. Qd4 Qc1 64. Qd8+ Kg7 65. Qe7+ Kg8 66. Kg3 Qg1+ 67. Kf4 Qc1+ 68. Qe3 Qc7+ 69. Kg5 Kh7 70. Kf6 Qg7+ 71. Ke6 Qg8+ 72. Ke7 Qg7+ 73. Ke8 Qg8+ 74. Kd7 Qd5+ 75. Ke7 Qb7+ 76. Kf6 Qg7+ 77. Ke6 Qg8+ 78. Ke5 Qe8+ 79. Kf4 Qf7+ 80. Kg3 Qc7+ 81. Kh3 Kg7 82. Qd4+ Kh7 83. g5 Qc8+ 84. Kg3 Qf5 85. Qa7+ Kg8 86. Qb8+ Kg7 87. Qc7+ Kg8 88. Qd8+ Kg7 89. Qc7+ Kg8 90. Qe7 Qf1 91. Qe3 Kg7 92. Qc3+ Kg8 93. Qf3 Qe1+ 94. Kh3 Qe6+ 95. Kg2 Kg7 96. Qc3+ Kg8 97. Kg3 Qf5 98. Qe3 Kg7 99. Qf4 Qd3+ 100. Kf2 Qc2+ 101. Kf3 Qd3+ 102. Qe3 Qf5+ 103. Ke2 Qc2+ 104. Ke1 Qb1+ 105. Kd2 Qb2+ 106. Kd3 Qb3+ 107. Ke4 Qe6+ 108. Kd4 Qb6+ 109. Ke4 Qe6+ 110. Kd4 1/2-1/2

[Event "Hungarian Super League 2024-25"]
[Site "Hungary"]
[Date "2024.11.02"]
[Round "1.28"]
[White "Kopasz, Robert"]
[Black "Gombocz, Ferenc Jr."]
[Result "1/2-1/2"]
[ECO "C55"]
[WhiteElo "2227"]
[BlackElo "2333"]
[Annotator "RC"]
[PlyCount "65"]
[EventDate "2024.10.30"]
[EventType "team-tourn"]
[EventCountry "HUN"]
[SourceTitle "playchess.com"]
[Source "ChessBase"]
[SourceQuality "1"]
[TimeControl "40/5400+30:1800+30"]

1. e4 e5 2. Nf3 Nc6 3. Bc4 Nf6 4. d3 Be7 5. Nc3 d6 6. a4 O-O 7. h3 Na5 8. Ba2 c5 9. Bg5 Nc6 10. O-O h6 11. Bxf6 Bxf6 12. Nd5 g6 13. Nxf6+ Qxf6 14. c3 Kh7 15. Ne1 Qh4 16. Nf3 Qe7 17. Nd2 f5 18. exf5 Bxf5 19. Qe2 Rae8 20. Rae1 Nd8 21. f4 Qd7 22. fxe5 Qxa4 23. Bb3 Qa6 24. Ne4 dxe5 25. Nxc5 Qb5 26. d4 Qxe2 27. Rxe2 exd4 28. Rxe8 Rxe8 29. g4 b6 30. gxf5 bxc5 31. fxg6+ Kxg6 32. cxd4 cxd4 33. Rd1 1/2-1/2

[Event "Hungarian Super League 2024-25"]
[Site "Hungary"]
[Date "2024.11.02"]
[Round "1.29"]
[White "Lakos, Nikoletta"]
[Black "Megyaszai, Balazs"]
[Result "1/2-1/2"]
[ECO "B11"]
[WhiteElo "2184"]
[BlackElo "2054"]
[Annotator "RC"]
[PlyCount "65"]
[EventDate "2024.10.30"]
[EventType "team-tourn"]
[EventCountry "HUN"]
[SourceTitle "playchess.com"]
[Source "ChessBase"]
[SourceQuality "1"]
[TimeControl "40/5400+30:1800+30"]

1. e4 c6 2. Nf3 d5 3. Nc3 Bg4 4. h3 Bxf3 5. Qxf3 e6 6. Be2 Nd7 7. Qg3 dxe4 8. Nxe4 Nh6 9. Qb3 Qb6 10. g4 Nc5 11. Qxb6 axb6 12. d3 Ng8 13. Be3 Nxe4 14. dxe4 Nf6 15. Bd3 Nd7 16. Ke2 Bc5 17. f3 Bxe3 18. Kxe3 e5 19. a4 Nc5 20. b3 Ke7 21. Bc4 Ne6 22. Bxe6 Kxe6 23. Rad1 Rhd8 24. Ke2 f6 25. Rxd8 Rxd8 26. Rd1 Rxd1 27. Kxd1 g5 28. Kd2 b5 29. Kc3 Kd6 30. axb5 cxb5 31. Kb4 Kc6 32. c4 bxc4 33. Kxc4 1/2-1/2

[Event "Hungarian Super League 2024-25"]
[Site "Hungary"]
[Date "2024.11.02"]
[Round "1.30"]
[White "Markus, Molli Amina"]
[Black "Csontos, Aron"]
[Result "0-1"]
[ECO "A13"]
[WhiteElo "1862"]
[BlackElo "2224"]
[Annotator "RC"]
[PlyCount "66"]
[EventDate "2024.10.30"]
[EventType "team-tourn"]
[EventCountry "HUN"]
[SourceTitle "playchess.com"]
[Source "ChessBase"]
[SourceQuality "1"]
[TimeControl "40/5400+30:1800+30"]

1. Nf3 d5 2. c4 e6 3. g3 Nf6 4. Bg2 dxc4 5. Na3 Bxa3 6. bxa3 b5 7. a4 a6 8. Bb2 Bb7 9. axb5 axb5 10. a4 b4 11. Qc2 Bd5 12. O-O Nbd7 13. Nd4 Nc5 14. Bxd5 exd5 15. a5 O-O 16. Nc6 Qd6 17. Nxb4 Nb3 18. Ra4 c5 19. Na2 Qd7 20. Ra3 d4 21. d3 Qh3 22. f3 Nd5 23. Bc1 Nxc1 24. Qxc1 c3 25. Qg5 Ne3 26. Rf2 Rab8 27. Nxc3 dxc3 28. Ra1 c2 29. Rc1 Rfe8 30. Qxc5 Rb1 31. Qxc2 Nxc2 32. Rxb1 Ne3 33. a6 Qe6 0-1

[Event "Hungarian Super League 2024-25"]
[Site "Hungary"]
[Date "2024.11.02"]
[Round "1.31"]
[White "Gledura, Benjamin"]
[Black "Horvath, Jozsef"]
[Result "1-0"]
[ECO "D35"]
[WhiteElo "2652"]
[BlackElo "2393"]
[Annotator "TA"]
[PlyCount "75"]
[EventDate "2024.10.30"]
[EventType "team-tourn"]
[EventCountry "HUN"]
[SourceTitle "playchess.com"]
[Source "ChessBase"]
[SourceQuality "1"]
[TimeControl "40/5400+30:1800+30"]

1. d4 Nf6 2. c4 e6 3. Nc3 d5 4. cxd5 Nxd5 5. e4 Nxc3 6. bxc3 c5 7. Rb1 Be7 8. Nf3 O-O 9. h4 Nd7 (9... b6 $15) 10. e5 $11 Qc7 11. Bd3 {[%emt 0:05:46][%cal Od3h7] [#] Strongly threatening Bxh7+!} cxd4 12. cxd4 Rd8 13. Be3 Nf8 14. h5 Bd7 15. h6 ({White should try} 15. Kf1 $16) 15... g6 $1 16. O-O Bc6 17. Nd2 Nd7 18. Qe2 Nb6 19. Rfc1 Rac8 20. Ne4 Nd5 21. Bd2 Nb6 22. Qg4 Qd7 23. Bg5 Bxe4 24. Bxe4 Rxc1+ 25. Rxc1 Kf8 ({Don't go for} 25... Bxg5 $2 26. Qxg5 Rc8 (26... Qxd4 $2 {too greedy.} 27. Qf6 $18) 27. Rxc8+ Qxc8 28. g3 $18) 26. Bf3 Rc8 27. Bxe7+ Kxe7 28. Rb1 Ke8 29. Qf4 Qe7 (29... Rc2 $11 {remains equal.}) 30. a4 $36 {[%emt 0:00:16][%cal Ba2a4,Ba4a5][%mdl 2080] White has good play. White has more active pieces.} Rc7 (30... Rd8 $1 $14) 31. a5 Nc8 {[%emt 0:00:48][%mdl 8192] This costs Black the game.} (31... Nd5 $16 {was necessary.} 32. Bxd5 exd5) 32. d5 $18 exd5 33. Bxd5 {[%emt 0:00:05] [#] Black must now prevent Rd1.} Qc5 (33... b6 $142 34. Bb3 b5) 34. e6 Nd6 35. exf7+ {[%emt 0:00:27] White mates.} Nxf7 36. Re1+ {[%emt 0:01:02] Black is weak on the light squares} Kf8 37. Bxf7 Rxf7 38. Qb8+ {[%emt 0:00:08] Weighted Error Value: White=0.28 (precise) /Black=0.43.  Loses game:     	---       	Black=1      Mistake:       	White=1     	Black=4      Inaccurate:     	White=3     	Black=4      OK:         	White=8     	Black=8      Best:        	White=1     	Black=2      Strong:       	---       	Black=1} 1-0

[Event "Hungarian Super League 2024-25"]
[Site "Hungary"]
[Date "2024.11.02"]
[Round "1.32"]
[White "Turcan, Richard"]
[Black "Grigoriants, Sergey"]
[Result "0-1"]
[ECO "B50"]
[WhiteElo "2348"]
[BlackElo "2531"]
[Annotator "RC"]
[PlyCount "90"]
[EventDate "2024.10.30"]
[EventType "team-tourn"]
[EventCountry "HUN"]
[SourceTitle "playchess.com"]
[Source "ChessBase"]
[SourceQuality "1"]
[TimeControl "40/5400+30:1800+30"]

1. e4 c5 2. Nf3 d6 3. Nc3 a6 4. g3 Nc6 5. Bg2 Nf6 6. d4 cxd4 7. Nxd4 Bd7 8. O-O e6 9. Nb3 b5 10. Bg5 Rc8 11. a4 b4 12. Na2 h6 13. Bd2 Rb8 14. Qe2 a5 15. f4 e5 16. f5 Be7 17. Be3 O-O 18. Nac1 Bc8 19. Nd3 Ba6 20. Rad1 Rc8 21. Bf3 Nb8 22. Qf2 Nbd7 23. Rd2 d5 24. Qg2 dxe4 25. Bxe4 Nxe4 26. Qxe4 Qc7 27. Qd5 Rfd8 28. Qxa5 Qxa5 29. Nxa5 e4 30. Nf2 Bxf1 31. Kxf1 Ne5 32. Re2 Ra8 33. Bb6 Rd5 34. Nb3 Rxa4 35. Rxe4 Ra2 36. Bc7 Bf6 37. Bxe5 Bxe5 38. Nd3 Bxb2 39. Nxb4 Rxf5+ 40. Ke2 Ra4 41. Kd3 Rf3+ 42. Kc4 Bc3 43. Kb5 Rxb4+ 44. Rxb4 Bxb4 45. Kxb4 Kf8 0-1

[Event "Hungarian Super League 2024-25"]
[Site "Hungary"]
[Date "2024.11.02"]
[Round "1.33"]
[White "Kantor, Gergely"]
[Black "To, Nhat Minh"]
[Result "1/2-1/2"]
[ECO "C54"]
[WhiteElo "2554"]
[BlackElo "2314"]
[Annotator "RC"]
[PlyCount "144"]
[EventDate "2024.10.30"]
[EventType "team-tourn"]
[EventCountry "HUN"]
[SourceTitle "playchess.com"]
[Source "ChessBase"]
[SourceQuality "1"]
[TimeControl "40/5400+30:1800+30"]

1. e4 e5 2. Nf3 Nc6 3. Bc4 Bc5 4. c3 Nf6 5. d3 d6 6. Bg5 h6 7. Bh4 a5 8. O-O Ba7 9. Nbd2 g5 10. Bg3 O-O 11. a3 Nh7 12. Kh1 Kg7 13. b4 f5 14. exf5 Bxf5 15. d4 exd4 16. b5 dxc3 17. bxc6 b5 18. Bxb5 cxd2 19. Qxd2 Qf6 20. Rfe1 Kg6 21. Rad1 Bb6 22. Nd4 Bxd4 23. Qxd4 Rfb8 24. Qc4 Re8 25. f3 Qb2 26. a4 Nf6 27. Rg1 Re3 28. Be1 Be6 29. Qf1 Bf5 30. Bf2 Re7 31. g4 Be6 32. Bd4 Qb3 33. Rg3 Rae8 34. Kg1 Bd5 35. Rb1 Qa2 36. f4 gxf4 37. Bd3+ Kf7 38. Bxf6 Qxb1 39. Bxb1 Re1 40. Rd3 Bc4 41. Bd4 Rxf1+ 42. Kxf1 Re4 43. Ba7 Ke7 44. h4 Bxd3+ 45. Bxd3 Rxa4 46. Bb8 Kd8 47. g5 hxg5 48. hxg5 Rb4 49. g6 Rxb8 50. g7 Ke7 51. Bc4 Kf6 52. g8=R Rxg8 53. Bxg8 Ke5 54. Bb3 Kd4 55. Ke2 Kc5 56. Kf3 Kxc6 57. Kxf4 Kc5 58. Ke3 Kb4 59. Bd5 Kc3 60. Bc6 Kb3 61. Kd2 Kc4 62. Kc2 d5 63. Kd2 Kc5 64. Ba4 Kd4 65. Bc6 Kc4 66. Kc2 Kc5 67. Ba4 d4 68. Kd3 Kb4 69. Bc6 Kc5 70. Ba4 Kd5 71. Bb3+ Ke5 72. Ba4 c5 1/2-1/2

[Event "Hungarian Super League 2024-25"]
[Site "Hungary"]
[Date "2024.11.02"]
[Round "1.34"]
[White "Bakos, Balazs"]
[Black "Antal, Gergely"]
[Result "1/2-1/2"]
[ECO "D80"]
[WhiteElo "2380"]
[BlackElo "2543"]
[Annotator "TA"]
[PlyCount "71"]
[EventDate "2024.10.30"]
[EventType "team-tourn"]
[EventCountry "HUN"]
[SourceTitle "playchess.com"]
[Source "ChessBase"]
[SourceQuality "1"]
[TimeControl "40/5400+30:1800+30"]

1. d4 Nf6 2. c4 g6 3. Nc3 d5 4. Bd2 Bg7 5. cxd5 Nxd5 6. e4 Nxc3 7. Bxc3 O-O 8. Qd2 {[%emt 0:03:00] The position is equal.} c5 9. d5 e6 10. Bxg7 Kxg7 11. Bc4 Nd7 12. Ne2 Nf6 13. Nc3 exd5 14. Bxd5 Be6 15. Bxe6 (15. Bxb7 $2 {loses.} Qxd2+ 16. Kxd2 Rab8 $19) 15... Qxd2+ 16. Kxd2 fxe6 17. f3 Nd7 18. Ke2 Ne5 19. Rad1 Rad8 {[%emt 0:09:22] Wards off Rd6} 20. Rxd8 Rxd8 21. Rd1 Rxd1 22. Nxd1 $11 {[%emt 0:00:03][%mdl 4096] Endgame. KN-KN} g5 23. Nc3 Kf6 24. Nb5 Nc6 25. Ke3 a6 26. Nd6 b5 27. g3 Ke7 28. Nb7 c4 29. f4 gxf4+ 30. gxf4 Nb4 31. a3 Nc2+ 32. Kd2 Nd4 33. Ke3 {[%emt 0:02:11] Against Nf3} Nc2+ 34. Kd2 Nd4 35. Ke3 {[%emt 0:00:04] Wards off Nf3} Nc2+ 36. Kd2 {[%emt 0:00:18] A rather calm draw.   Weighted Error Value: White=0.02 (flawless) /Black=0.02 (flawless) .  OK:         	White=13    	Black=15} 1/2-1/2

[Event "Hungarian Super League 2024-25"]
[Site "Hungary"]
[Date "2024.11.02"]
[Round "1.35"]
[White "Markus, Robert"]
[Black "Istvanovszki, Martin"]
[Result "1-0"]
[ECO "A36"]
[WhiteElo "2592"]
[BlackElo "2310"]
[Annotator "TA"]
[PlyCount "55"]
[EventDate "2024.10.30"]
[EventType "team-tourn"]
[EventCountry "HUN"]
[SourceTitle "playchess.com"]
[Source "ChessBase"]
[SourceQuality "1"]
[TimeControl "40/5400+30:1800+30"]

1. c4 g6 2. Nc3 Bg7 3. g3 c5 4. Bg2 Nc6 5. d3 d6 6. Qd2 e5 7. b3 Nge7 8. Bb2 {[%emt 0:00:24] The position is equal.} O-O 9. e3 Be6 10. Nd5 Rb8 11. Ne2 b5 12. O-O Qd7 13. Rae1 Bh3 14. Bxh3 Qxh3 15. f4 Nxd5 16. cxd5 Ne7 (16... Nb4 $5) 17. e4 f6 18. b4 {[%emt 0:04:35] Threatens to win with bxc5.} c4 19. dxc4 bxc4 20. Qc3 Rbc8 (20... Qd7 $14) 21. fxe5 f5 {[%emt 0:08:06][%mdl 8192] [#] This costs Black the game.} (21... fxe5 $2 {loses.} 22. Nf4 Qg4 23. Ne6 Rxf1+ 24. Kxf1 $18) (21... dxe5 $16 {is more resistant.} 22. d6 Nc6) 22. Nf4 $18 Qh6 23. Qa3 fxe4 24. exd6 c3 {[%emt 0:03:40] [#] Strongly threatening ...Bd4+.} 25. dxe7 Bd4+ 26. Kh1 Rxf4 27. Rxf4 cxb2 28. Qa4 {[%emt 0:00:23] Weighted Error Value: White=0.03 (flawless) /Black=0.63.  Loses game:     	---       	Black=1      Mistake:       	---       	Black=1      Inaccurate:     	---       	Black=3      OK:         	White=9     	Black=3      Best:        	White=3     	---} (28. Rexe4 {gets mated.} b1=Q+ (28... b1=R+ {leads to mate.} 29. Kg2 Rg1+ 30. Kf3 Qh5+ 31. Rg4 Rf1+ 32. Ke2 Qxh2+ 33. Kxf1 Qf2#) (28... b1=R+ 29. Kg2 Rg1+ 30. Kf3 Qh5+ 31. Rg4 Rf1+ 32. Ke2 Qxh2+ 33. Kxf1 Qf2#)) 1-0

[Event "Hungarian Super League 2024-25"]
[Site "Hungary"]
[Date "2024.11.02"]
[Round "1.36"]
[White "Petrisor, Adrian-Marian"]
[Black "Horvath, Dominik"]
[Result "0-1"]
[ECO "B12"]
[WhiteElo "2387"]
[BlackElo "2541"]
[Annotator "TA"]
[PlyCount "84"]
[EventDate "2024.10.30"]
[EventType "team-tourn"]
[EventCountry "HUN"]
[SourceTitle "playchess.com"]
[Source "ChessBase"]
[SourceQuality "1"]
[TimeControl "40/5400+30:1800+30"]

1. e4 c6 2. d4 d5 3. e5 Bf5 4. h4 h6 5. g4 Be4 6. f3 Bh7 {[%emt 0:00:05] [#]} 7. e6 $1 Nf6 8. Bd3 Bxd3 9. Qxd3 Qd6 {[%emt 0:00:12] White is slightly better.} 10. exf7+ Kxf7 11. Ne2 {[%emt 0:06:42] Black must now prevent Bf4.} Nbd7 12. Bf4 e5 13. dxe5 Nxe5 14. Qc3 Re8 15. Nd2 {[%emt 0:01:15] [#]} Nd3+ $1 16. Qxd3 Qxf4 17. O-O-O Qe3 18. Qxe3 Rxe3 19. Nd4 g6 {[%emt 0:08:56] Wards off Nf5. White is weak on the dark squares} 20. Rde1 Rxe1+ 21. Rxe1 Bd6 22. Kd1 Bg3 23. Rh1 Re8 24. N2b3 Bc7 {[%emt 0:25:19] Black is more active.} ({Better is} 24... h5 $15 25. gxh5 Nxh5) 25. a4 h5 26. g5 {[%emt 0:00:52] Black keeps a firm grip on the game.} Nd7 27. Re1 (27. Nc1 $142) 27... Rxe1+ $17 28. Kxe1 {[%emt 0:00:01][%mdl 4096] Endgame. KBN-KNN} Bg3+ 29. Ke2 (29. Kf1 $17) 29... c5 $19 (29... Bxh4 30. f4 $15) 30. Nb5 a6 ({And not} 30... Bxh4 31. f4 $11) 31. Nc3 Ke6 ({Don't do} 31... Bxh4 32. Nxd5 Ke6 (32... Bxg5 $2 33. Na5 $19) 33. c4) 32. Na5 b6 33. Nc6 Bxh4 34. f4 d4 35. Nd1 Kd6 36. Nd8 c4 37. Kf3 Be1 38. Nf7+ Ke6 39. Nd8+ {[%emt 0:00:28] [#]} Kd5 $1 40. c3 (40. Nf7 {keeps fighting.}) 40... dxc3 41. bxc3 Bd2 42. Nf7 b5 {[%emt 0:03:32] Weighted Error Value: White=0.20 (precise) /Black=0.07 (flawless) .  Mistake:       	White=3     	Black=1      Inaccurate:     	White=5     	Black=3      OK:         	White=10    	Black=18     Best:        	White=5     	Black=4      Strong:       	---       	Black=1} 0-1

[Event "Hungarian Super League 2024-25"]
[Site "Hungary"]
[Date "2024.11.02"]
[Round "1.37"]
[White "Medvegy, Zoltan"]
[Black "Blasko, Istvan"]
[Result "1-0"]
[ECO "C10"]
[WhiteElo "2514"]
[BlackElo "2259"]
[Annotator "TA"]
[PlyCount "92"]
[EventDate "2024.10.30"]
[EventType "team-tourn"]
[EventCountry "HUN"]
[SourceTitle "playchess.com"]
[Source "ChessBase"]
[SourceQuality "1"]
[TimeControl "40/5400+30:1800+30"]

1. e4 e6 2. d4 d5 3. Nc3 dxe4 4. Nxe4 Nd7 5. Nf3 Be7 6. Bd3 Ngf6 7. Nxf6+ Bxf6 8. O-O c5 9. c3 O-O 10. Bf4 cxd4 11. cxd4 Nb6 12. Be4 Nd5 {[%emt 0:02:04] The position is equal.} 13. Be5 Be7 14. Qc2 f5 15. Bxd5 Qxd5 16. Ne1 Bd7 17. Nd3 Rac8 18. Qd2 Bc6 {[%emt 0:02:37][%csl Gc6][%cal Rd5g2] [#]} 19. f3 Qd7 20. Rfe1 Bb5 21. Nf4 Bg5 22. Qf2 Bxf4 23. Bxf4 Bc4 24. d5 Bxd5 (24... Qxd5 25. b3 Bd3 26. Rad1 $16) 25. Qxa7 Rc2 26. Rac1 Rfc8 (26... Rxb2 $2 {perishes.} 27. Rc7 Rxa2 28. Rxd7 $18 (28. Qxa2 $2 Qxc7 $17)) 27. Rxc2 Rxc2 28. Rc1 Rxc1+ 29. Bxc1 $11 {[%emt 0:00:03][%mdl 4096] Endgame. KQB-KQB} Qc7 30. Bd2 Qd7 31. Bc3 Bc6 32. Qb8+ Qe8 33. Qe5 Qd7 34. Kf2 h6 35. b3 b5 36. Ke3 Bd5 37. Bd4 Kh7 38. Kd2 g5 (38... Qe7 $14) 39. Qh8+ Kg6 40. Qf6+ Kh7 ({Better is} 40... Kh5 $14) 41. g4 $16 {[%emt 0:14:28] [#] White wants to mate with Qh8+. White is more active.} fxg4 ({Weaker is} 41... Bxf3 42. Qh8+ Kg6 43. Qg8+) 42. fxg4 {[%emt 0:00:11] Threatening mate with Qh8+.} e5 43. Qxe5 ({Of course not} 43. Bxe5 $6 Bf3+ 44. Ke3 Bxg4 $11) 43... Qf7 44. Kc3 Bf3 45. h3 Bg2 (45... Bd5 $16 46. Kb4 Bg2) 46. Qxb5 $18 Qe8 $2 {Weighted Error Value: White=0.05 (flawless) /Black=0.09 (flawless) .  Mistake:       	---       	Black=4      Inaccurate:     	White=1     	Black=1      OK:         	White=19    	Black=14     Best:        	White=1     	Black=1} (46... Qe6 $18) 1-0

[Event "Hungarian Super League 2024-25"]
[Site "Hungary"]
[Date "2024.11.02"]
[Round "1.38"]
[White "Ivan-Gal, Hanna Krisztina"]
[Black "Aczel, Gergely"]
[Result "0-1"]
[ECO "B15"]
[WhiteElo "2185"]
[BlackElo "2488"]
[Annotator "TA"]
[PlyCount "98"]
[EventDate "2024.10.30"]
[EventType "team-tourn"]
[EventCountry "HUN"]
[SourceTitle "playchess.com"]
[Source "ChessBase"]
[SourceQuality "1"]
[TimeControl "40/5400+30:1800+30"]

1. e4 c6 2. d4 d5 3. Nc3 dxe4 4. Nxe4 Nf6 5. Nxf6+ exf6 6. c3 Bd6 7. Bd3 O-O 8. Ne2 Re8 9. O-O Nd7 10. Bf4 Nf8 11. Bxd6 Qxd6 12. Ng3 g6 13. Ne4 Qd8 14. Re1 {[%emt 0:01:18][%cal Oe4f6] [#] Nxf6+! would now be deadly. The position is equal.} Kg7 15. Qf3 b6 16. Qg3 Bf5 17. Nd2 Be6 (17... Bxd3 {simplifies} 18. Rxe8 Qxe8 19. Qxd3 Ne6) 18. h4 h5 19. b3 Qd7 20. Rad1 Bg4 21. f3 Be6 22. Ne4 Rad8 23. Bc2 Bf5 24. c4 Bxe4 25. fxe4 Qe7 26. d5 (26. Rf1 $11) 26... Nd7 $15 27. dxc6 Ne5 28. Rxd8 (28. Rd5 $17) 28... Rxd8 $19 29. Rd1 Rc8 (29... Nxc6 $19 {And now ...Nb4 would win.} 30. Rxd8 Qxd8) 30. Rd5 $17 Rxc6 31. Bd1 Re6 ({Better is} 31... Qa3 $17 {Hoping for ...Rxc4.} 32. Qf2 Re6) 32. Bf3 (32. Bxh5 $15 Qa3 33. Kh2) 32... Qa3 33. Qf2 Qc1+ 34. Qf1 (34. Kh2 $17) 34... Qf4 $19 35. Qf2 Qc1+ 36. Qf1 $1 Qc3 {[%emt 0:00:08] Black is more active.} 37. Rd1 (37. Qe2 $17 {was worth a try.}) 37... Qc2 38. Qe2 Nxf3+ 39. Qxf3 Qxa2 {[%emt 0:00:06][%mdl 4096] Endgame. KQR-KQR} ({Not} 39... Qxe4 40. Qxe4 Rxe4 41. Rd7 $17) 40. Qd3 Qb2 41. Rd2 Qe5 42. b4 $2 {[%emt 0:02:57] [#]} (42. g3 {might work better.}) 42... Qxe4 43. Qxe4 Rxe4 {[%emt 0:00:05] KR-KR} 44. Rc2 Rxh4 45. c5 bxc5 (45... Rxb4 $2 {loses.} 46. c6 Re4 (46... Rb1+ $2 47. Kf2 $18) 47. c7 $18) 46. bxc5 Rd4 47. c6 (47. Kf2 {was the only chance.}) 47... Rd8 48. Ra2 Rc8 49. Rxa7 (49. Ra6 $142) 49... Rxc6 {[%emt 0:00:06] Weighted Error Value: White=0.38/Black=0.20 (precise) .  Mistake:       	White=8     	Black=2      Inaccurate:     	White=1     	Black=3      OK:         	White=6     	Black=19     Best:        	White=3     	Black=1      Strong:       	White=1     	---} 0-1

[Event "Hungarian Super League 2024-25"]
[Site "Hungary"]
[Date "2024.11.02"]
[Round "1.39"]
[White "Palczert, Matyas"]
[Black "Radnai, Adam"]
[Result "1-0"]
[ECO "B06"]
[WhiteElo "2359"]
[BlackElo "2252"]
[Annotator "RC"]
[PlyCount "49"]
[EventDate "2024.10.30"]
[EventType "team-tourn"]
[EventCountry "HUN"]
[SourceTitle "playchess.com"]
[Source "ChessBase"]
[SourceQuality "1"]
[TimeControl "40/5400+30:1800+30"]

1. e4 g6 2. d4 Bg7 3. Nf3 c6 4. Nc3 d5 5. h3 Nh6 6. Bd3 O-O 7. O-O f6 8. Ne2 Na6 9. c4 dxe4 10. Bxe4 Nf7 11. Nc3 f5 12. Bc2 c5 13. dxc5 Nxc5 14. Qe2 e5 15. Rd1 Qc7 16. Nd5 Qb8 17. Be3 b6 18. b4 Ne6 19. Rac1 Bb7 20. Ne7+ Kh8 21. Nh4 e4 22. Nhxg6+ hxg6 23. Nxg6+ Kg8 24. Ne7+ Kh7 25. Qh5+ 1-0

[Event "Hungarian Super League 2024-25"]
[Site "Hungary"]
[Date "2024.11.02"]
[Round "1.40"]
[White "Onodi, Miklos"]
[Black "Gara, Anita"]
[Result "0-1"]
[ECO "D02"]
[WhiteElo "2080"]
[BlackElo "2343"]
[Annotator "RC"]
[PlyCount "76"]
[EventDate "2024.10.30"]
[EventType "team-tourn"]
[EventCountry "HUN"]
[SourceTitle "playchess.com"]
[Source "ChessBase"]
[SourceQuality "1"]
[TimeControl "40/5400+30:1800+30"]

1. d4 d5 2. Nf3 c5 3. c4 e6 4. cxd5 exd5 5. g3 Nf6 6. Bg2 Nc6 7. O-O Be7 8. dxc5 Bxc5 9. a3 Ne4 10. Nfd2 f5 11. b4 Bd4 12. Ra2 Qb6 13. e3 Bf6 14. Qb3 Ne7 15. Nxe4 dxe4 16. Rd2 Be6 17. Qa4+ Kf7 18. Bb2 Bxb2 19. Rxb2 Rhd8 20. Rc1 Rac8 21. Nc3 Nc6 22. Rbc2 Ne5 23. Nb5 Rxc2 24. Rxc2 Rd1+ 25. Bf1 Nf3+ 26. Kg2 Ne1+ 27. Kg1 Nxc2 28. Qxc2 Rxf1+ 29. Kxf1 Qxb5+ 30. Kg2 Qc4 31. Qb2 Qd5 32. Qc3 a6 33. h3 Bd7 34. Qc2 Bc6 35. Qb2 h6 36. Qc2 Kg6 37. Qb2 Bb5 38. Qc1 Be2 0-1

[Event "Hungarian Super League 2024-25"]
[Site "Hungary"]
[Date "2024.11.02"]
[Round "1.41"]
[White "Mazur, Stefan"]
[Black "Indjic, Aleksandar"]
[Result "1/2-1/2"]
[ECO "B42"]
[WhiteElo "2412"]
[BlackElo "2623"]
[Annotator "RC"]
[PlyCount "145"]
[EventDate "2024.10.30"]
[EventType "team-tourn"]
[EventCountry "HUN"]
[SourceTitle "playchess.com"]
[Source "ChessBase"]
[SourceQuality "1"]
[TimeControl "40/5400+30:1800+30"]

1. e4 c5 2. Nf3 e6 3. d4 cxd4 4. Nxd4 a6 5. Bd3 Bc5 6. Nb3 Be7 7. Qg4 g6 8. Qd1 d6 9. a4 b6 10. O-O Bb7 11. Na3 Nf6 12. Bh6 Bxe4 13. Bxe4 Nxe4 14. Qd4 Nf6 15. Nc4 Nc6 16. Qxb6 Qxb6 17. Nxb6 Rb8 18. a5 Nxa5 19. Rxa5 Rxb6 20. Rfa1 Kd7 21. Rxa6 Rxa6 22. Rxa6 Rc8 23. Na1 Nd5 24. Bd2 Bf6 25. Ra2 Rb8 26. Nb3 Nb4 27. Bxb4 Rxb4 28. Kf1 h5 29. Ke2 g5 30. h3 Ke7 31. Kd2 Be5 32. Ra7+ Kf6 33. Na5 Bxb2 34. c3 Rf4 35. f3 Ba3 36. Nb7 Bc5 37. Nxc5 dxc5 38. Rc7 Ra4 39. Rxc5 Ra2+ 40. Ke3 h4 41. c4 Rxg2 42. Ra5 Rg3 43. c5 Ke5 44. Ra7 Kd5 45. Rxf7 Rxh3 46. Rg7 Rg3 47. Rg6 h3 48. c6 Kd6 49. Rh6 g4 50. Kf4 Rxf3+ 51. Kxg4 Rc3 52. c7 Kd5 53. Rxh3 Rxc7 54. Rh1 Rc3 55. Rd1+ Ke4 56. Re1+ Re3 57. Ra1 Rd3 58. Re1+ Re3 59. Ra1 Re2 60. Ra4+ Ke3 61. Ra3+ Kf2 62. Rf3+ Ke1 63. Ra3 e5 64. Kg3 e4 65. Ra1+ Kd2 66. Ra2+ Ke3 67. Ra3+ Kd4 68. Ra4+ Kd5 69. Ra5+ Kc4 70. Kf4 Re1 71. Ra4+ Kd3 72. Ra3+ Kd4 73. Ra4+ 1/2-1/2